General information
- name: BNet
- type: Ladder team game (AT/RT)
- host: Battle.net
- saver: STRASSENJUNGE
map: Slalom
- players: 8
- length: 24:26
- speed: Fast
- version: 1.24 W3XP
- replay type: Public
» download(237 KB)
Players
team 1 (winner)
SakuraGGL (
orange | 104 APM | 2543 actions | 24:25)
6 Dark Ranger
3 Silence
2 Black Arrow
1 Charm
6 Death Knight
3 Death Coil
3 Unholy Aura
» actions
| Assign group hotkey | 120 | |
| Basic commands | 53 | |
| Build / train | 82 | |
| ESC pressed | 4 | |
| Enter build submenu | 23 | |
| Enter hero's abilities submenu | 13 | |
| Give item / drop item | 3 | |
| Remove unit from queue | 2 | |
| Right click | 1083 | |
| Select / deselect | 242 | |
| Select group hotkey | 858 | |
| Use ability | 60 | |
2543 total
» units
| Acolyte | 26 | |
| Ghoul | 6 | |
| Frost Wyrm | 12 | |
44 total
» upgrades
| Creature Carapace | 3 | |
| Creature Attack | 2 | |
5 total
» buildings
| Necropolis | 1 | |
| Crypt | 1 | |
| Halls of the Dead | 3 | |
| Altar of Darkness | 1 | |
| Ziggurat | 10 | |
| Tomb of Relics | 1 | |
| Black Citadel | 2 | |
| Graveyard | 1 | |
| Sacrificial Pit | 1 | |
| Nerubian Tower | 1 | |
| Boneyard | 3 | |
| Spirit Tower | 4 | |
29 total
» build order
00:11 Necropolis
00:19 Crypt
01:43 Halls of the Dead
01:43 Halls of the Dead
02:14 Altar of Darkness
02:30 Ziggurat
02:53 Tomb of Relics
04:04 Black Citadel
04:04 Black Citadel
04:16 Graveyard
04:26 Sacrificial Pit
05:12 Nerubian Tower
06:31 Boneyard
06:32 Boneyard
07:24 Ziggurat
07:25 Ziggurat
07:32 Ziggurat
08:59 Boneyard
09:00 Ziggurat
09:02 Ziggurat
09:04 Ziggurat
10:04 Ziggurat
10:06 Ziggurat
11:38 Spirit Tower
11:53 Spirit Tower
11:54 Spirit Tower
13:38 Ziggurat
18:09 Spirit Tower
» items
| Scroll of Town Portal | 3 | |
| Scroll of Protection | 1 | |
| Scroll of Healing | 1 | |
| Scroll of Regeneration | 1 | |
6 total

»
STRASSENJUNGE (
blue | 105 APM | 2568 actions | 24:26)
7 Blood Mage
3 Banish
3 Siphon Mana
1 Summon Phoenix
» actions
| Assign group hotkey | 22 | |
| Basic commands | 102 | |
| Build / train | 53 | |
| Enter build submenu | 23 | |
| Enter hero's abilities submenu | 8 | |
| Give item / drop item | 2 | |
| Right click | 1345 | |
| Select / deselect | 491 | |
| Select group hotkey | 433 | |
| Use ability | 88 | |
2568 total
» units
» upgrades
| Swords | 3 | |
| Storm Hammers | 1 | |
| Animal War Training | 1 | |
| Plating | 1 | |
| Armor | 3 | |
9 total
» buildings
| Altar of Kings | 1 | |
| Farm | 11 | |
| Lumber Mill | 1 | |
| Scout Tower | 3 | |
| Keep | 1 | |
| Guard Tower | 3 | |
| Blacksmith | 1 | |
| Castle | 1 | |
| Gryphon Aviary | 2 | |
| Barracks | 1 | |
| Arcane Vault | 1 | |
26 total
» build order
00:08 Altar of Kings
00:11 Farm
00:29 Lumber Mill
01:38 Farm
02:17 Scout Tower
02:38 Scout Tower
02:41 Keep
03:02 Guard Tower
03:07 Blacksmith
03:15 Guard Tower
03:16 Scout Tower
03:23 Farm
04:01 Guard Tower
04:04 Farm
04:24 Farm
05:01 Farm
05:28 Castle
06:08 Farm
06:18 Gryphon Aviary
06:19 Gryphon Aviary
06:33 Barracks
07:06 Arcane Vault
08:31 Farm
08:53 Farm
18:00 Farm
18:06 Farm
» items
| Scroll of Town Portal | 4 | |
| Potion of Healing | 1 | |
| Boots of Speed | 1 | |
| Scroll of Regeneration | 2 | |
| Orb of Corruption | 1 | |
9 total

»
timg4strok (
teal | 90 APM | 2201 actions | 24:25)
6 Blademaster
2 Wind Walk
3 Critical Strike
1 Bladestorm
» actions
| Assign group hotkey | 20 | |
| Basic commands | 24 | |
| Build / train | 63 | |
| ESC pressed | 1 | |
| Enter build submenu | 16 | |
| Enter hero's abilities submenu | 6 | |
| Give item / drop item | 2 | |
| Remove unit from queue | 2 | |
| Right click | 1128 | |
| Select / deselect | 231 | |
| Select group hotkey | 640 | |
| Use ability | 67 | |
2201 total
» units
| Peon | 16 | |
| Wind Rider | 12 | |
| Troll Batrider | 5 | |
33 total
» upgrades
| Ranged Weapons | 3 | |
| Armor | 3 | |
| Envenomed Spears | 1 | |
| Reinforced Defenses | 1 | |
8 total
» buildings
| Altar of Storms | 1 | |
| Orc Burrow | 7 | |
| Stronghold | 1 | |
| Voodoo Lounge | 1 | |
| Fortress | 1 | |
| Beastiary | 2 | |
| War Mill | 1 | |
| Great Hall | 1 | |
| Watch Tower | 3 | |
18 total
» build order
01:46 Altar of Storms
01:57 Orc Burrow
04:21 Stronghold
04:25 Voodoo Lounge
04:28 Orc Burrow
04:28 Orc Burrow
04:32 Orc Burrow
06:44 Fortress
06:46 Beastiary
06:47 Beastiary
07:08 War Mill
07:10 Orc Burrow
07:12 Orc Burrow
10:01 Orc Burrow
13:57 Great Hall
19:02 Watch Tower
19:48 Watch Tower
19:49 Watch Tower
» items
| Staff of Teleportation | 1 | |
| Boots of Speed | 1 | |
| Lesser Clarity Potion | 2 | |
| Healing Salve | 3 | |
| Orb of Lightning | 1 | |
| Scroll of Protection | 1 | |
| Scroll of Healing | 1 | |
10 total
xXxSSJGoku_WEED (
yellow | 106 APM | 2585 actions | 24:25)
5 Archmage
3 Summon Water Elemental
2 Brilliance Aura
2 Paladin
1 Holy Light
1 Divine Shield
» actions
| Assign group hotkey | 37 | |
| Basic commands | 274 | |
| Build / train | 97 | |
| ESC pressed | 6 | |
| Enter build submenu | 40 | |
| Enter hero's abilities submenu | 8 | |
| Give item / drop item | 1 | |
| Right click | 955 | |
| Select / deselect | 532 | |
| Select group hotkey | 541 | |
| Use ability | 94 | |
2585 total
» units
| Peasant | 25 | |
| Footman | 5 | |
| Mortar Team | 7 | |
| Flying Machine | 7 | |
| Siege Engine | 6 | |
50 total
» upgrades
| Masonry | 3 | |
| Lumber Harvesting | 1 | |
| Gunpowder | 2 | |
| Magic Sentry | 1 | |
| Flare | 1 | |
| Barrage | 1 | |
9 total
» buildings
| Altar of Kings | 2 | |
| Farm | 8 | |
| Barracks | 1 | |
| Lumber Mill | 1 | |
| Town Hall | 4 | |
| Scout Tower | 14 | |
| Arcane Tower | 7 | |
| Guard Tower | 5 | |
| Keep | 4 | |
| Blacksmith | 1 | |
| Workshop | 5 | |
| Arcane Vault | 1 | |
| Arcane Sanctum | 1 | |
| Castle | 3 | |
57 total
» build order
00:08 Altar of Kings
00:13 Farm
00:27 Barracks
00:55 Farm
02:36 Farm
03:21 Lumber Mill
04:10 Town Hall
04:17 Scout Tower
04:19 Scout Tower
04:53 Arcane Tower
04:54 Guard Tower
05:27 Town Hall
05:30 Scout Tower
06:04 Keep
06:04 Keep
06:38 Scout Tower
06:48 Arcane Tower
07:25 Arcane Tower
07:26 Scout Tower
07:27 Scout Tower
07:52 Guard Tower
08:37 Town Hall
08:46 Scout Tower
08:47 Scout Tower
09:10 Blacksmith
10:25 Workshop
10:28 Workshop
10:39 Guard Tower
10:58 Guard Tower
11:27 Farm
11:30 Arcane Vault
11:33 Farm
11:36 Arcane Sanctum
12:03 Farm
12:22 Farm
12:41 Castle
12:42 Castle
12:59 Farm
15:09 Workshop
15:55 Scout Tower
15:55 Scout Tower
15:56 Scout Tower
15:56 Scout Tower
15:57 Scout Tower
18:04 Workshop
18:07 Workshop
18:59 Altar of Kings
19:23 Keep
21:04 Arcane Tower
21:34 Town Hall
21:38 Arcane Tower
21:47 Castle
22:00 Arcane Tower
22:05 Scout Tower
22:54 Arcane Tower
» items
| Scroll of Healing | 2 | |
| Scroll of Protection | 2 | |
| Periapt of Vitality | 1 | |
| Scroll of Town Portal | 1 | |
6 total
team 2 (loser)
chimpachima[bn] (
red | 52 APM | 1252 actions | 24:08)
5 Blademaster
3 Wind Walk
2 Critical Strike
» actions
| Assign group hotkey | 4 | |
| Basic commands | 1 | |
| Build / train | 48 | |
| Enter build submenu | 21 | |
| Enter hero's abilities submenu | 5 | |
| Remove unit from queue | 6 | |
| Right click | 757 | |
| Select / deselect | 154 | |
| Select group hotkey | 189 | |
| Use ability | 67 | |
1252 total
» units
» upgrades
» buildings
| Altar of Storms | 2 | |
| Orc Burrow | 3 | |
| Voodoo Lounge | 1 | |
| War Mill | 2 | |
| Great Hall | 1 | |
| Stronghold | 2 | |
| Watch Tower | 9 | |
20 total
» build order
00:14 Altar of Storms
00:22 Orc Burrow
00:41 Voodoo Lounge
03:55 War Mill
04:31 Orc Burrow
06:25 Great Hall
14:55 Stronghold
17:05 Watch Tower
17:07 Watch Tower
17:09 Watch Tower
17:10 Watch Tower
17:14 Watch Tower
17:16 Watch Tower
18:27 War Mill
20:02 Stronghold
20:45 Watch Tower
20:54 Watch Tower
22:32 Altar of Storms
22:37 Orc Burrow
22:47 Watch Tower
» items
| Healing Salve | 2 | |
| Lesser Clarity Potion | 6 | |
| Scroll of Speed | 4 | |
| Dust of Appearance | 1 | |
13 total
DJShadow. (
purple | 69 APM | 1674 actions | 24:13)
6 Death Knight
3 Death Coil
2 Unholy Aura
1 Animate Dead
5 Lich
3 Frost Nova
2 Frost Armor
» actions
| Assign group hotkey | 2 | |
| Basic commands | 164 | |
| Build / train | 79 | |
| ESC pressed | 1 | |
| Enter build submenu | 24 | |
| Enter hero's abilities submenu | 11 | |
| Give item / drop item | 3 | |
| Right click | 536 | |
| Select / deselect | 784 | |
| Select group hotkey | 2 | |
| Use ability | 66 | |
1674 total
» units
| Acolyte | 15 | |
| Ghoul | 3 | |
| Crypt Fiend | 8 | |
| Frost Wyrm | 9 | |
| Obsidian Statue | 2 | |
37 total
» upgrades
| Creature Attack | 3 | |
| Creature Carapace | 3 | |
| Web | 1 | |
| Freezing Breath | 1 | |
8 total
» buildings
| Altar of Darkness | 1 | |
| Ziggurat | 8 | |
| Graveyard | 1 | |
| Crypt | 2 | |
| Tomb of Relics | 1 | |
| Halls of the Dead | 5 | |
| Black Citadel | 1 | |
| Sacrificial Pit | 1 | |
| Nerubian Tower | 1 | |
| Boneyard | 2 | |
| Slaughterhouse | 1 | |
| Necropolis | 1 | |
| Spirit Tower | 2 | |
27 total
» build order
00:08 Altar of Darkness
00:10 Ziggurat
00:16 Graveyard
00:37 Crypt
01:09 Ziggurat
01:32 Tomb of Relics
02:11 Halls of the Dead
02:11 Halls of the Dead
02:11 Halls of the Dead
02:23 Ziggurat
03:08 Crypt
03:32 Ziggurat
04:54 Black Citadel
04:56 Sacrificial Pit
05:29 Nerubian Tower
06:37 Ziggurat
06:40 Ziggurat
06:41 Ziggurat
07:28 Boneyard
07:30 Boneyard
08:15 Slaughterhouse
10:51 Necropolis
13:17 Ziggurat
15:56 Spirit Tower
15:58 Spirit Tower
» items
| Rod of Necromancy | 2 | |
| Potion of Healing | 3 | |
| Orb of Corruption | 1 | |
| Scroll of Town Portal | 2 | |
| Potion of Lesser Invulnerability | 1 | |
9 total
Lord_Sedius (
green | 96 APM | 2339 actions | 24:25)
5 Priestess of the Moon
3 Trueshot Aura
2 Searing Arrows
» actions
| Assign group hotkey | 103 | |
| Build / train | 66 | |
| Enter build submenu | 16 | |
| Enter hero's abilities submenu | 5 | |
| Give item / drop item | 2 | |
| Remove unit from queue | 1 | |
| Right click | 875 | |
| Select / deselect | 483 | |
| Select group hotkey | 746 | |
| Use ability | 42 | |
2339 total
» units
| Wisp | 17 | |
| Archer | 11 | |
| Druid of the Talon | 7 | |
| Hippogryph | 6 | |
41 total
» upgrades
| Improved Bows | 1 | |
| Druid of the Talon Training | 2 | |
| Strength of the Wild | 2 | |
| Marksmanship | 1 | |
| Reinforced Hides | 2 | |
8 total
» buildings
| Altar of Elders | 1 | |
| Moon Well | 6 | |
| Hunter's Hall | 1 | |
| Ancient of War | 2 | |
| Tree of Ages | 1 | |
| Ancient of Wind | 4 | |
| Tree of Eternity | 1 | |
| Ancient of Wonders | 1 | |
17 total
» build order
00:07 Altar of Elders
00:14 Moon Well
01:09 Hunter's Hall
01:35 Ancient of War
01:55 Moon Well
02:41 Ancient of War
03:26 Tree of Ages
03:49 Moon Well
04:55 Moon Well
05:52 Ancient of Wind
05:54 Ancient of Wind
08:13 Tree of Eternity
08:47 Moon Well
09:13 Moon Well
11:22 Ancient of Wonders
19:33 Ancient of Wind
19:39 Ancient of Wind
» items
| Scroll of Town Portal | 2 | |
| Scroll of Protection | 1 | |
| Scroll of Healing | 1 | |
| Boots of Speed | 1 | |
| Potion of Healing | 1 | |
| Anti-magic Potion | 1 | |
| Potion of Lesser Invulnerability | 1 | |
8 total
MetalGear (
pink | 38 APM | 907 actions | 24:10)
8 Priestess of the Moon
3 Trueshot Aura
3 Searing Arrows
1 Starfall
1 Scout
» actions
| Assign group hotkey | 37 | |
| Basic commands | 99 | |
| Build / train | 81 | |
| Enter build submenu | 13 | |
| Enter hero's abilities submenu | 8 | |
| Give item / drop item | 2 | |
| Remove unit from queue | 3 | |
| Right click | 211 | |
| Select / deselect | 232 | |
| Select group hotkey | 171 | |
| Use ability | 49 | |
907 total
» units
» upgrades
| Strength of the Wild | 2 | |
| Reinforced Hides | 2 | |
| Abolish Magic | 1 | |
| Ultravision | 1 | |
| Nature's Blessing | 1 | |
| Well Spring | 1 | |
8 total
» buildings
| Moon Well | 7 | |
| Altar of Elders | 1 | |
| Tree of Ages | 1 | |
| Hunter's Hall | 1 | |
| Ancient of Lore | 2 | |
| Tree of Eternity | 3 | |
| Tree of Life | 2 | |
17 total
» build order
00:19 Moon Well
01:06 Altar of Elders
02:05 Moon Well
02:25 Tree of Ages
02:32 Hunter's Hall
02:49 Moon Well
04:58 Ancient of Lore
05:03 Ancient of Lore
05:09 Moon Well
06:34 Moon Well
08:48 Tree of Eternity
08:48 Tree of Eternity
09:51 Moon Well
14:36 Moon Well
20:28 Tree of Life
21:10 Tree of Life
» items
| Rod of Necromancy | 1 | |
| Potion of Healing | 1 | |
| Scroll of Town Portal | 1 | |
| Scroll of Healing | 1 | |
4 total
Chat log
(01:11 / Allies) STRASSENJUNGE: da football game is on peaaaace - timg4strok
(03:20 / All) STRASSENJUNGE: woc style hu
(04:21 / All) STRASSENJUNGE: D
(04:21 / All) SakuraGGL: D
(04:22 / All) SakuraGGL: D
(07:24 / Allies) timg4strok: g0ld pl3453
(10:02 / Allies) timg4strok: G0LD
(13:22 / Allies) timg4strok: gold
(24:08 / All) MetalGear: gg